 Dungeon Crawl Stone Soup version 0.27.0-1-g7a089689b8 (webtiles) character file.

Game seed: 15539496819845146708

342 robertstho the Sneak (level 6, 0/64 HPs)
             Began as an Octopode Berserker on Aug 5, 2021.
             Was a Believer of Trog.
             Succumbed to a scorpion's poison
             ... on level 4 of the Dungeon.
             The game lasted 00:02:42 (3279 turns).

robertstho the Sneak (Octopode Berserker)           Turns: 3279, Time: 00:02:43

Health: 0/64       AC:  1    Str: 18    XL:     6   Next: 57%
Magic:  6/6        EV: 11    Int: 15    God:    Trog [**....]
Gold:   165        SH: 13    Dex: 12    Spells: 5/5 levels left

rFire    . . .     SeeInvis .   d - +1 dagger (drain)
rCold    . . .     Faith    .   e - +0 kite shield
rNeg     . . .     Spirit   .   (helmet restricted)
rPois    +         Reflect  +   l - amulet of reflection
rElec    .         Harm     .   f - ring of poison resistance
rCorr    .         Rampage  .   b - +6 ring of intelligence
Will     .....                  (no ring)
Stlth    ..........             (no ring)
HPRegen  0.20/turn              (no ring)
MPRegen  0.10/turn              (no ring)
                                (no ring)
                                (no ring)

@: berserking (expiring), lethally poisoned (0 -> -12), very quick
A: almost no armour, amphibious, 8 rings, camouflage 1, gelatinous body 1,
(nimble swimmer 1), tentacles
a: Renounce Religion, Berserk, Trog's Hand


You were on level 4 of the Dungeon.
You worshipped Trog.
Trog was pleased with you.
You visited 1 branch of the dungeon, and saw 4 of its levels.

You collected 165 gold pieces.

Inventory:

Hand Weapons
 d - a +1 dagger of draining (weapon)
Missiles
 g - a throwing net (quivered)
Armour
 e - a +0 kite shield (worn)
Jewellery
 b - a +6 ring of intelligence (right tentacle)
 f - a ring of poison resistance (left tentacle)
 l - an amulet of reflection (around mantle)
Scrolls
 h - a scroll of vulnerability
 k - a scroll of enchant armour
 m - a scroll of acquirement {unknown}
Potions
 a - 2 potions of cancellation
 c - 2 potions of berserk rage {unknown}
 i - a potion of flight {unknown}
 j - a potion of haste {unknown}


   Skills:
 * Level 4.1 Fighting
 + Level 2.0 Short Blades
 + Level 3.6 Dodging
 * Level 6.0 Stealth
 + Level 1.0 Shields
 + Level 3.3 Unarmed Combat


You had 5 spell levels left.
You didn't know any spells.
Your spell library was empty.

Dungeon Overview and Level Annotations

Branches:
Dungeon (4/15)
 Temple: D:4-7

Altars:
Dithmenos


Innate Abilities, Weirdness & Mutations

You cannot wear most types of armour.
You are amphibious.
You can wear up to eight rings at the same time.
Your skin changes colour to match your surroundings (Stealth+).
Your rubbery body absorbs attacks. (AC +1, EV +1)
((You are camouflaged near water. (Stealth+)))
You have tentacles for arms and can constrict up to eight enemies at once.


Message History

The wyvern is lightly wounded.
You block the wyvern's attack. x2
You hit the wyvern. You drain the wyvern.
The wyvern is moderately wounded.
The wyvern bites you. You block the scorpion's attack.
You block the goblin's attack. The wyvern closely misses you.
You closely miss the wyvern. Your squeeze misses the wyvern.
The wyvern is moderately wounded.
The scorpion stings you.
You are poisoned.
The scorpion poisons you! The hound skeleton closely misses you.
You block the wyvern's attack.
The goblin hits you with a +2 dagger of venom.
The scorpion stings you. The hound skeleton closely misses you.
A red film seems to cover your vision as you go berserk!
You feel yourself moving faster!
You feel mighty!
You feel very sick. You block the wyvern's attack. The scorpion stings you!
* * * LOW HITPOINT WARNING * * *
You are lethally poisoned!
The scorpion poisons you! You block the goblin's attack.
You block the hound skeleton's attack.
An endoplasm comes into view.
The wyvern closely misses you.
You barely miss the scorpion.
The endoplasm quivers.
You grab the scorpion.
You constrict the scorpion, but do no damage.
* * * LOW HITPOINT WARNING * * *
You feel very sick. The hound skeleton closely misses you.
The scorpion misses you. You block the wyvern's attack.
The goblin barely misses you.
You release your grip on the scorpion.
* * * LOW HITPOINT WARNING * * *
You feel very sick. You block the scorpion's attack.
You feel a strong urge to attack something.
* * * LOW HITPOINT WARNING * * *
You feel sick.
You die...

## #.# #..† #.######
#.###... .
#......####+#.#....#
...##...................
..................#....#
#g..........##....# +.
#.slZ.......##.....
+#...###.##......#####.#
.......@.########... .>#
...#####.# ......# ..#
......# .## ##### .. ..
...


You could see a wyvern (drained) and a hound skeleton.

Vanquished Creatures
  Grinder (D:3)
  A hound (D:3)
  5 adders
  A worm (D:3)
  4 bats
  6 endoplasms
  2 giant cockroaches (D:1)
  7 goblins
  7 hobgoblins
  19 jackals
  5 kobolds
  3 quokkas
  3 ball pythons
  3 frilled lizards
  8 rats
75 creatures vanquished.

Notes
Turn   | Place    | Note
-------+----------+-------------------------------------------
     0 | D:1      | robertstho the Octopode Berserker began the quest for the
                  | Orb.
     0 | D:1      | Reached XP level 1. HP: 16/16 MP: 1/1
   101 | D:1      | Reached XP level 2. HP: 7/21 MP: 2/2
   713 | D:1      | Reached skill level 1 in Stealth
   833 | D:1      | Reached XP level 3. HP: 26/26 MP: 3/3
  1346 | D:1      | Reached skill level 2 in Stealth
  1777 | D:2      | Found a faded altar of an unknown god.
  1785 | D:2      | Reached ** piety under Trog
  1897 | D:2      | Reached XP level 4. HP: 27/31 MP: 4/4
  1904 | D:2      | Reached skill level 3 in Stealth
  2422 | D:3      | Reached skill level 1 in Short Blades
  2426 | D:3      | Reached XP level 5. HP: 33/37 MP: 5/5
  2468 | D:3      | Reached skill level 4 in Stealth
  2625 | D:3      | Noticed Grinder
  2635 | D:3      | Paralysed by Grinder for 4 turns
  2644 | D:3      | Killed Grinder
  2645 | D:3      | Reached skill level 5 in Stealth
  2645 | D:3      | Reached skill level 1 in Shields
  2645 | D:3      | Reached XP level 6. HP: 12/43 MP: 6/6
  2996 | D:3      | Reached skill level 6 in Stealth
  3257 | D:4      | Found a shadowy altar of Dithmenos.
  3262 | D:4      | Noticed a wyvern
  3278 | D:4      | HP: 2/64 [poisoned by a scorpion]
  3279 | D:4      | Succumbed to a scorpion's poison

Illustrated notes

Levels and vault maps discovered:
D:1:      lemuel_arrival_broad_hall, layout_basic
D:2:      layout_rooms, hellmonk_ecumenical_altar_dog_temple
D:3:      minmay_general_purpose_star, layout_rooms, uniq_grinder
D:4:      layout_basic, nicolae_yredelemnul_corpse_copse,
          mainiacjoe_overflow_alcove_2, demons_altar,
          mainiacjoe_overflow_surrounded_room, serial_shops,
          nicolae_square_shop, shop, nicolae_shop_stone, shop,
          kennysheep_mini_moat, minmay_misc_feat_columns

Skill      XL: |  1  2  3  4  5  6 |
---------------+-------------------+-----
Stealth        | 1 2 3 5 6 |  6.0
Short Blades   | 1 2 |  2.0
Fighting       | 4 |  4.1
Shields        | 1 |  1.0
Dodging        | |  3.6
Unarmed Combat | |  3.3

Action                   |  1- 3 |  4- 6 || total
-------------------------+-------+-------++-------
Melee: Unarmed           |    14 |       ||    14
       Dagger            |    52 |    67 ||   119
       Constrict         |    14 |    13 ||    27
       Tentacles         |     9 |     6 ||    15
       Punch             |     1 |       ||     1
Invok: Berserk           |     1 |     3 ||     4
  Use: Scroll            |     1 |     2 ||     3
 Stab: Sleeping          |     9 |    11 ||    20
Armor: Skin              |     3 |     5 ||     8
Dodge: Dodged            |    47 |    22 ||    69
Block: Kite shield       |    10 |    31 ||    41
       Reflection        |       |     1 ||     1
